 Dungeon Crawl Stone Soup version 0.20.0 (webtiles) character file.

108 FakerFangirl the Cudgeler (level 4, -3/38 HPs)
             Began as a Draconian Fighter on May 26, 2017.
             Slain by an orc
             ... wielding a +0 mace
              (4 damage)
             ... on level 2 of the Dungeon.
             The game lasted 00:01:55 (1314 turns).

FakerFangirl the Cudgeler (Draconian Fighter)       Turns: 1314, Time: 00:01:55

Health: -3/38      AC:  5    Str: 18    XL:     4   Next: 58%
Magic:  4/4        EV: 10    Int:  8    God:
Gold:   59         SH:  9    Dex: 12    Spells: 3/3 levels left

rFire    . . .     SeeInvis .   Y - +0 flail
rCold    . . .     Gourm    .   b - +0 shield
rNeg     . . .     Faith    .   (armour unavailable)
rPois    .         Spirit   .   (helmet restricted)
rElec    .         Reflect  .   (no cloak)
rCorr    .         Harm     .   (no gloves)
MR       .....                  (no boots)
Stlth    +.........             (no amulet)
Regen    0.2/turn               (no ring)
MPRegen  0.1/turn               (no ring)

@: no status effects
A: unfitting armour, cold-blooded, AC +5
a: no special abilities


You were on level 2 of the Dungeon.
You were hungry.

You visited 1 branch of the dungeon, and saw 2 of its levels.

You collected 59 gold pieces.


Innate Abilities, Weirdness & Mutations

Your plain brown scales are hard. (AC +5)
You cannot fit into any form of body armour.
You are cold-blooded and may be slowed by cold attacks.


   Skills:
 - Level 3.2 Fighting
 + Level 4.9 Maces & Flails
 - Level 2.6 Dodging
 - Level 3.0 Shields


You had 3 spell levels left.
You didn't know any spells.

Inventory:

Hand Weapons
 Y - a +0 flail (weapon)
Armour
 b - a +0 shield (worn)
Wands
 m - a wand of iceblast (6/15)
Scrolls
 e - 5 scrolls of identify
 h - a scroll of blinking {unknown}
 l - a scroll of recharging {unknown}
 o - a scroll of remove curse
Potions
 a - a potion of mutation {unknown}
 c - 2 potions of might
 k - a potion of degeneration {unknown}
 n - a potion of brilliance {unknown}
Comestibles
 d - 4 bread rations
 f - 5 chunks of flesh
 g - 2 royal jellies
 i - 5 fruits
 j - 3 meat rations

Dungeon Overview and Level Annotations

Branches:
Dungeon (2/15)

Altars:


Message History

The orc priest is severely wounded.
You block the orc priest's attack.
You barely miss the orc priest.
The orc priest is severely wounded.
The orc priest hits you with a mace!
You hit the orc priest.
The orc priest is almost dead.
The orc priest hits you with a mace.
You closely miss the orc priest.
Your tail-slap misses the orc priest.
The orc priest is almost dead.
The orc priest miscasts a cantrip.
You barely miss the orc priest.
The orc priest is almost dead.
You block the orc priest's attack.
You sock the orc priest!
You kill the orc priest!
Some of the chunks of flesh in your inventory have rotted away.
You closely miss the orc. The orc hits you with a mace.
You die...

.###.#
.......<...###
.....#
######.#..#....
.###.#
.........)..###
.###.#
.#####.#...##
.....#
..####.#...#
######
###(....#.#..)#
#..o..........#
#o#.......#..(#
#@#.#...#.#...#
#.#o. ....
###.#.o. o..
#...#.... ..
#.#.#.#.o. .
#.#.#.....o
#.#.# #.#.##
#.#..#######


You could see an orc.

Vanquished Creatures
  An orc priest (D:2)
  2 adders (D:2)
  4 dart slugs
  3 orcs (D:2)
  5 bats
  5 giant cockroaches
  5 goblins
  7 hobgoblins
  2 kobolds
  A frilled lizard (D:1)
  11 rats
46 creatures vanquished.

Notes
Turn   | Place    | Note
-------+----------+-------------------------------------------
     0 | D:1      | FakerFangirl the Draconian Fighter began the quest for the Orb.
     0 | D:1      | Reached XP level 1. HP: 19/19 MP: 1/1
     0 | D:1      | 0 ||| counter = 37
    55 | D:1      | 55 ||| Stepping ~*~*~tactically~*~*~ (outnumbered).
    56 | D:1      | 56 ||| Stepping ~*~*~tactically~*~*~ (outnumbered).
   165 | D:1      | Reached XP level 2. HP: 24/26 MP: 2/2
   241 | D:1      | Reached skill level 3 in Maces & Flails
   725 | D:1      | Reached XP level 3. HP: 31/31 MP: 3/3
   752 | D:1      | 752 ||| READING scroll labeled UKOESI JAOXETH.
   753 | D:1      | 753 ||| READING scroll labeled DAH OLEELEU.
   754 | D:1      | 754 ||| READING scroll labeled BICSOF VIMM.
   755 | D:1      | 755 ||| DRINKING 2 fizzy coppery potions.
   756 | D:1      | 756 ||| DROPPING potion of agility.
   894 | D:2      | Reached skill level 4 in Maces & Flails
  1142 | D:2      | Reached XP level 4. HP: 36/38 MP: 4/4
  1297 | D:2      | 1297 ||| Stepping ~*~*~tactically~*~*~ (outnumbered).
  1309 | D:2      | HP: 6/38 [orc priest/mace (7)]
  1310 | D:2      | HP: 1/38 [orc priest/mace (6)]
  1314 | D:2      | Slain by an orc

Vault maps used:
D:1:      minmay_arrival_shattered_statue, hangedman_decor_clover_reticule,
          glass_columns_b, minmay_misc_feat_square
D:2:      cheibrodos_pilgrimage

Skill      XL: |  1  2  3 |
---------------+----------+-----
Maces & Flails | 3 4 |  4.9
Fighting       | |  3.2
Dodging        | |  2.6
Shields        | |  3.0

Action                   |  1- 3 |  4- 6 || total
-------------------------+-------+-------++-------
Melee: Flail             |   100 |    34 ||   134
       Tailslap          |    14 |       ||    14
  Use: Scroll            |     3 |       ||     3
       Potion            |     1 |       ||     1
  Eat: Chunk             |     1 |       ||     1
Armor: Skin              |    25 |    11 ||    36
Dodge: Dodged            |    34 |    10 ||    44
Block: Shield            |    48 |    21 ||    69
